 Dungeon Crawl Stone Soup version 0.27-a0-695-gb4952372f7 (webtiles) character file.

Game seed: 2458882176654964813

311 Adamkad1 the Skirmisher (level 6, -6/34 HPs)
             Began as a Vine Stalker Fighter on Mar 22, 2021.
             Killed by divine providence
             ... invoked by an orc priest
              (11 damage)
             ... on level 3 of the Dungeon.
             The game lasted 00:04:10 (2246 turns).

Adamkad1 the Skirmisher (Vine Stalker Fighter)      Turns: 2246, Time: 00:04:11

Health: -6/34      AC: 10    Str: 20    XL:     6   Next: 42%
Magic:  0/7        EV:  5    Int:  8    God:
Gold:   102        SH:  9    Dex: 14    Spells: 5/5 levels left

rFire    . . .     SeeInvis .   a - +0 flail
rCold    + . .     Faith    .   c - +0 kite shield
rNeg     . . .     Spirit   +   i - +1 chain mail {rC+}
rPois    .         Reflect  .   (no helmet)
rElec    .         Harm     .   (no cloak)
rCorr    .         Rampage  .   (no gloves)
Will     .....                  (no boots)
Stlth    ..........             (no amulet)
HPRegen  1.11/turn              (no ring)
MPRegen  0.10/turn              (no ring)

@: no status effects
A: fangs 2, regeneration 1, magic shield, antimagic bite, no potion heal 3
a: no special abilities


You were on level 3 of the Dungeon.
You visited 1 branch of the dungeon, and saw 3 of its levels.

You collected 102 gold pieces.

Inventory:

Hand Weapons
 a - a +0 flail (weapon)
Armour
 b - a +0 scale mail
 c - a +0 kite shield (worn)
 i - a +1 chain mail of cold resistance (worn)
Scrolls
 e - 2 scrolls of identify {unknown}
 f - 2 scrolls of noise {unknown}
 g - a scroll of enchant weapon {unknown}
 j - a scroll of immolation {unknown}
Potions
 d - a potion of heal wounds {unknown}
 h - a potion of might
 k - a potion of flight {unknown}
 l - a potion of brilliance {unknown}


   Skills:
 * Level 4.3 Fighting
 * Level 3.5 Maces & Flails
 + Level 3.2 Armour
 + Level 3.6 Shields


You had 5 spell levels left.
You didn't know any spells.
Your spell library contained the following spells:

 Spells                   Type           Power      Damage    Failure   Level
 Animate Skeleton         Necr           0%         N/A       100%        1
 Apportation              Tloc           0%         N/A       100%        1
 Corona                   Hex            0%         N/A       100%        1
 Magic Dart               Conj           0%         1d3       100%        1
 Summon Small Mammal      Summ           0%         N/A       100%        1
 Blink                    Tloc           N/A        N/A       100%        2
 Call Imp                 Summ           0%         N/A       100%        2
 Slow                     Hex            0%         N/A       100%        2
 Conjure Flame            Conj/Fire      0%         6-21      100%        3
 Mephitic Cloud           Conj/Pois/Air  0%         N/A       100%        3


Dungeon Overview and Level Annotations

Branches:
Dungeon (3/15)

Altars:
Elyvilon

Annotations:
D:3 1 runed translucent door


Innate Abilities, Weirdness & Mutations

You have extremely sharp teeth.
Your natural rate of healing is unusually fast.
When hurt, damage is shared between your health and your magic reserves.
Your bite disrupts and absorbs the magic of your enemies.
Potions cannot restore your health.


Message History

The orc priest mumbles some strange prayers to Beogh against you.
Beogh smites you!
You closely miss the orc priest.
The orc priest is severely wounded.
The bat hits you but does no damage. You block the bat's attack.
The bat hits you but does no damage.
A leopard gecko comes into view.
The orc hits you but does no damage. You block the orc's attack.
The orc priest hits you with a +0 short sword.
The orc hits you with a +0 flail. You block the orc's attack.
You block the bat's attack.
You barely miss the orc priest.
The orc priest is severely wounded.
The leopard gecko hisses angrily.
The bat hits you but does no damage. The bat completely misses you.
The orc priest hits you with a +0 short sword.
The orc hits you with a +0 mace. You block the orc's attack.
The bat hits you but does no damage. You block the orc priest's attack.
You hit the orc priest.
The orc priest is almost dead.
The bat hits you but does no damage. The orc hits you with a +0 mace.
The orc barely misses you. You block the orc's attack.
The orc priest hits you with a +0 short sword!
The orc hits you with a +0 flail.
* * * LOW HITPOINT WARNING * * *
The orc hits you with a +0 mace.
* * * LOW HITPOINT WARNING * * *
You closely miss the orc priest. Your bite misses the orc priest.
The orc priest is almost dead.
The bat hits you but does no damage. You block the orc's attack.
You block the bat's attack. The orc priest barely misses you.
The orc barely misses you. The orc hits you but does no damage.
The orc hits you with a +1 vorpal mace.
* * * LOW HITPOINT WARNING * * *
x2 You hit the orc priest but do no damage.
The orc priest is almost dead.
The bat hits you but does no damage. You block the bat's attack.
The orc priest invokes the aid of Beogh against you.
Beogh smites you!
You die...

##.## ##....... #.#
#....... ######.##
#....... ........#
####+## ##......
.####...# #.....
###...# #..#.#
#.##.# # #...#
#....# #.##.####$##
#.## #.##.#
#.#o........
.###.##.#####..l@b.#
........##.....ooo.#
####..........#.l..#
#######.##.........#
#.####..#.#### #.#
#..#.# #.# #?.#.#
#.. .....# ... #....


You could see an orc priest, 3 orcs, a leopard gecko, a bat and a frilled
lizard.

Vanquished Creatures
  Grinder (D:3)
  4 adders
  2 oozes
  A dart slug (D:2)
  2 leopard geckos
  2 orcs (D:3)
  10 bats
  2 giant cockroaches (D:1)
  11 goblins
  8 hobgoblins
  4 kobolds
  2 quokkas
  A frilled lizard (D:2)
  9 rats
59 creatures vanquished.

Notes
Turn   | Place    | Note
-------+----------+-------------------------------------------
     0 | D:1      | Adamkad1 the Vine Stalker Fighter began the quest for the
                  | Orb.
     0 | D:1      | Reached XP level 1. HP: 11/11 MP: 2/2
   247 | D:1      | Reached XP level 2. HP: 12/16 MP: 3/3
   421 | D:1      | Reached skill level 3 in Fighting
   725 | D:1      | Reached XP level 3. HP: 20/20 MP: 4/4
  1564 | D:2      | Found a white marble altar of Elyvilon.
  1665 | D:2      | Gained mutation: Your natural rate of healing is unusually
                  | fast. [Vine Stalker growth]
  1665 | D:2      | Reached XP level 4. HP: 17/24 MP: 5/5
  2002 | D:3      | Noticed Grinder
  2004 | D:3      | Paralysed by Grinder for 2 turns
  2016 | D:3      | Killed Grinder
  2017 | D:3      | Reached skill level 4 in Fighting
  2017 | D:3      | Reached XP level 5. HP: 9/29 MP: 6/6
  2017 | D:3      | Reached XP level 6. HP: 10/33 MP: 7/7
  2090 | D:3      | Found a runed translucent door.
  2246 | D:3      | Killed from afar by an orc priest

Illustrated notes

Levels and vault maps discovered:
D:1:      minmay_arrival_arboretum_small, layout_basic, kennysheep_nondescript
D:2:      minmay_angry_zag, layout_basic, elyvilon_altar_1
D:3:      layout_loops_corners, ebering_ghost_sewer_f, serial_shops,
          nicolae_shop_overgrown_old_shop, grunt_decor_resistance, uniq_grinder

Skill      XL: |  1  2  3  4 |
---------------+-------------+-----
Maces & Flails | 2 3 |  3.5
Fighting       | 3 4 |  4.3
Shields        | 3 |  3.6
Armour         | 3 |  3.2

Action                   |  1- 3 |  4- 6 || total
-------------------------+-------+-------++-------
Melee: Flail             |    99 |    76 ||   175
       Bite              |    18 |    19 ||    37
  Use: Potion            |       |     2 ||     2
Armor: Scale mail        |    46 |       ||    46
       Chain mail        |     4 |    64 ||    68
Dodge: Dodged            |    35 |    29 ||    64
Block: Kite shield       |    59 |    60 ||   119

Table legend: (Time is in decaauts)
 A = Elapsed time spent in this place.
 B = Non-inter-level travel time spent in this place.
 C = Inter-level travel time spent in this place.
 D = Time resting spent in this place.
 E = Time spent auto-exploring this place.
 F = Levels seen in this place.
 G = Mean time per level.
                   A        B        C        D        E       F      G
               +--------+--------+--------+--------+--------+-----+--------+
         Total |   2335 |   2307 |     28 |      3 |   1806 |   3 |  778.3 |
       Dungeon |   2335 |   2307 |     28 |      3 |   1806 |   3 |  778.3 |
               +--------+--------+--------+--------+--------+-----+--------+

Top non-repeatable levels by time:
     D:2: 1096 daAuts
     D:1: 951 daAuts
     D:3: 287 daAuts
